 Dungeon Crawl Stone Soup version 0.28.0-62-gf88900778d (webtiles) character file.

Game seed: 3006997003234776120

3209 cbfl8 the Cleaver (level 9, -8/78 HPs)
             Began as a Minotaur Fighter on Sept 3, 2023.
             Mangled by a two-headed ogre
             ... wielding a +0 giant club
              (15 damage)
             ... on level 7 of the Dungeon.
             The game lasted 00:07:56 (7537 turns).

cbfl8 the Cleaver (Minotaur Fighter)                Turns: 7537, Time: 00:07:57

Health: -8/78      AC:  9    Str: 27    XL:     9   Next: 65%
Magic:  8/8        EV:  9    Int:  5    God:
Gold:   167        SH:  5    Dex: 14    Spells: 8/8 levels left

rFire   . . .      SeeInvis .   a - +1 war axe (elec)
rCold   + . .      Faith    .   c - +0 buckler
rNeg    . . .      Spirit   .   b - +0 scale mail
rPois   .          Reflect  .   d - +0 hat
rElec   .          Harm     +   h - scarf {harm}
rCorr   .          Rampage  .   s - +0 pair of gloves
Will    .....                   (no boots)
Stlth   ..........              (no amulet)
HPRegen 0.23/turn               y - +6 ring of strength
MPRegen 0.11/turn               F - +4 ring of slaying

@: no status effects
A: horns 2, retaliatory headbutt, cold resistance 1
a: no special abilities


You were on level 7 of the Dungeon.
You visited 2 branches of the dungeon, and saw 8 of its levels.
You also visited: Ossuary.

You collected 427 gold pieces.
You spent 260 gold pieces at shops.

Inventory:

Hand Weapons
 a - a +1 war axe of electrocution (weapon)
Missiles
 p - 6 throwing nets (quivered)
Armour
 b - a +0 scale mail (worn)
 c - a +0 buckler (worn)
 d - a +0 hat (worn)
 h - a scarf of harm (worn)
 i - a +0 cloak
 s - a +0 pair of gloves (worn)
Jewellery
 n - a ring of positive energy
 y - a +6 ring of strength (left hand)
 F - a +4 ring of slaying (right hand)
Wands
 q - a wand of mindburst (19)
 t - a wand of flame (24)
 u - a wand of paralysis (8)
Scrolls
 f - 3 scrolls of enchant weapon
 j - 3 scrolls of fog
 k - a scroll of summoning
 l - a scroll of blinking
 o - 2 scrolls of immolation
 w - 2 scrolls of silence
 B - 3 scrolls of noise
 E - a scroll of identify
Potions
 e - a potion of lignification
 g - 3 potions of attraction
 r - a potion of haste
 v - a potion of flight {unknown}
 x - a potion of ambrosia {unknown}
 z - a potion of heal wounds
 A - 2 potions of curing
 C - 2 potions of resistance {unknown}
 D - a potion of berserk rage
 G - 3 potions of might
 H - a potion of mutation


   Skills:
 + Level 6.7 Fighting
 + Level 10.1 Axes
 + Level 8.8 Armour
 + Level 5.8 Shields
 * Level 5.4 Evocations


You had 8 spell levels left.
You didn't know any spells.
Your spell library contained the following spells:

 Spells                   Type           Power      Damage    Failure   Level
 Freeze                   Ice            0%         1d3       80%         1
 Magic Dart               Conj           0%         1d3       80%         1
 Sandblast                Erth           0%         2d4       80%         1
 Call Imp                 Summ           0%         N/A       90%         2
 Passwall                 Tmut/Erth      0%         N/A       90%         2
 Static Discharge         Conj/Air       0%         N/A       90%         2
 Frozen Ramparts          Ice            0%         1d2       99%         3
 Mephitic Cloud           Conj/Pois/Air  0%         N/A       99%         3
 Stone Arrow              Conj/Erth      0%         3d7       99%         3
 Dispel Undead            Necr           0%         3d6       100%        4
 Hailstorm                Conj/Ice       0%         3d3       100%        4
 Sticky Flame             Conj/Fire      0%         2d3       100%        4
 Alistair's Intoxication  Tmut/Pois      0%         N/A       100%        5
 Borgnjor's Vile Clutch   Necr/Erth      0%         N/A       100%        5
 Eringya's Noxious Bog    Tmut/Pois      0%         N/A       100%        6


Dungeon Overview and Level Annotations

Branches:
Dungeon (7/15)             Temple (1/1) D:4         Ossuary (visited)

Altars:
Ashenzari
Dithmenos
Elyvilon
Fedhas
Gozag
Kikubaaqudgha
Makhleb
Nemelex Xobeh
Okawaru
Qazlal
Ru
Sif Muna
Uskayaw
Vehumet
Wu Jian
Xom
Yredelemnul
Zin
The Shining One

Shops:
D:2 *   D:5 [   D:7 ![

Annotations:
D:4 2 transporters, cbfl8's ghost, amateur HOFi
D:7 Pikel


Innate Abilities, Weirdness & Mutations

You have a pair of horns on your head.
You reflexively headbutt those who attack you in melee.
Your flesh is cold resistant. (rC+)


Message History

The orc hits you with a +0 flail.
* * * LOW HITPOINT WARNING * * *
The orc hits you but does no damage.
Items here: ))) [[ ††.
You hit the yak.
The yak is lightly wounded.
You barely miss the orc. The yak gores you.
* * * LOW HITPOINT WARNING * * *
The orc barely misses you. The yak gores you!
* * * LOW HITPOINT WARNING * * *
Unknown command.
Blink to where?
Press: ? - help, Dir - move target
As you read the scroll of blinking, it crumbles to dust.
Pikel says, "Don't tell anyone, but I think Ereshkigal likes me."
As you read the scroll of teleportation, it crumbles to dust.
You feel strangely unstable. The orc hits you but does no damage.
Your surroundings suddenly seem different.
An orc comes into view. It is wielding a +0 club.
You feel yourself speed up.
An ogre comes into view. It is wielding a +0 giant club.
The orc hits you but does no damage.
You slash the orc! Lightning courses through the orc!
You kill the orc!
As you read the scroll of teleportation, it crumbles to dust.
You feel strangely unstable. You block the ogre's attack.
Your surroundings suddenly seem different.
You hear the steady creaking of a portcullis very nearby.
You recover from your berserk rage.
The sentinel's mark upon you fades away.
A two-headed ogre comes into view. It is wielding two +0 giant clubs.
The two-headed ogre shouts in stereo!
You hear a croak.
A wyvern skeleton, a wyvern and a bullfrog come into view.
The wyvern hisses angrily.
The two-headed ogre hits you with a +0 giant club!
* * * LOW HITPOINT WARNING * * *
The two-headed ogre completely misses you.
The two-headed ogre closely misses you.
The two-headed ogre hits you with a +0 giant club!
You die...

..... .... ...
.. #F## #Zl# .
#O##### .
#.@...# #####.##
#..# ##.# ###.#
#...## #....#
#########
###....#..K5.55.
#.#..#o#######


You could see a two-headed ogre, a wyvern, a bullfrog and a wyvern skeleton.

Vanquished Creatures
  Harold (D:7)
  Sigmund (D:3)
  Menkaure (D:4)
  4 water moccasins
  A sky beast (D:5)
  An ice beast (D:7)
  2 ogres
  A black bear (D:6)
  A necrophage (D:6)
  A bullfrog (D:4)
  A phantom (D:5)
  A kobold brigand (D:7)
  6 scorpions
  Blork the orc (D:5)
  A howler monkey (D:4)
  A hound (D:5)
  A bullfrog zombie (D:6)
  A human zombie (Ossuary)
  3 orc priests
  2 gnoll shamans
  3 iguanas
  5 orc wizards
  3 mummies (Ossuary)
  12 gnolls
  4 adders
  A shadow imp (D:6)
  A white imp (D:7)
  A dart slug (D:3)
  7 orcs
  11 bats
  3 endoplasms
  3 giant cockroaches
  A gnoll zombie (Ossuary)
  4 goblins
  6 hobgoblins
  7 jackals (D:2)
  16 kobolds
  2 quokkas
  8 ball pythons
  4 frilled lizards
  2 kobold zombies (Ossuary)
  5 rats
141 creatures vanquished.

Vanquished Creatures (collateral kills)
  A kobold (D:2)
1 creature vanquished.

Vanquished Creatures (others)
  5 fungi (D:4)
  5 plants
10 creatures vanquished.

Grand Total: 152 creatures vanquished

Notes
Turn   | Place    | Note
-------+----------+-------------------------------------------
     0 | D:1      | cbfl8 the Minotaur Fighter began the quest for the Orb.
     0 | D:1      | Reached XP level 1. HP: 19/19 MP: 0/0
   526 | D:1      | Reached XP level 2. HP: 27/27 MP: 1/1
   628 | D:1      | Found a faded altar of an unknown god.
  1285 | D:2      | Reached XP level 3. HP: 33/33 MP: 2/2
  1307 | D:2      | Reached skill level 1 in Evocations
  1345 | D:2      | Found Kosobitu's Assorted Antiques.
  1356 | D:2      | Bought 2 scrolls labelled DOLLIY HASUBRE for 32 gold pieces
  1488 | D:2      | Reached skill level 3 in Axes
  1492 | D:2      | Reached XP level 4. HP: 32/40 MP: 3/3
  1940 | D:2      | Bought a scroll labelled MEMYUD BOARGHOM for 16 gold pieces
  1940 | D:2      | Bought a scroll labelled VOUSHE OHOSCH for 16 gold pieces
  2039 | D:3      | Reached XP level 5. HP: 47/47 MP: 4/4
  2049 | D:3      | Reached skill level 4 in Axes
  2138 | D:3      | Noticed Sigmund
  2170 | D:3      | Killed Sigmund
  2171 | D:3      | Reached skill level 5 in Armour
  2171 | D:3      | Reached XP level 6. HP: 6/53 MP: 5/5
  3546 | D:4      | Noticed Menkaure
  3549 | D:4      | Killed Menkaure
  3550 | D:4      | Reached skill level 5 in Axes
  3776 | D:4      | Reached XP level 7. HP: 55/60 MP: 6/6
  3825 | D:4      | Found a blossoming altar of Fedhas.
  3846 | D:4      | Noticed a yak
  3847 | D:4      | Noticed cbfl8's ghost (amateur HOFi)
  3852 | D:4      | Found a transporter.
  3926 | D:4      | Found a staircase to the Ecumenical Temple.
  3961 | D:4      | Reached skill level 5 in Fighting
  3961 | D:4      | Reached skill level 6 in Axes
  3984 | D:3      | Gained mutation: Your flesh is cold resistant. (rC+)
                  | [potion of mutation]
  4526 | Temple   | Entered the Ecumenical Temple
  4901 | D:4      | Found a transporter.
  5231 | D:5      | Entered Level 5 of the Dungeon
  5266 | D:5      | Reached XP level 8. HP: 52/68 MP: 7/7
  5401 | D:5      | Reached skill level 7 in Axes
  5682 | D:5      | Noticed Blork the orc
  5687 | D:5      | Killed Blork the orc
  5688 | D:5      | Reached skill level 5 in Shields
  5856 | D:5      | Reached skill level 8 in Axes
  5931 | D:5      | Found Faest's Armour Emporium.
  6548 | D:6      | Reached XP level 9. HP: 66/75 MP: 8/8
  6775 | D:6      | Reached skill level 9 in Axes
  7035 | D:7      | Found a sand-covered staircase.
  7045 | Ossuary  | Entered an ossuary
  7282 | D:7      | Found Xenaatz's Distillery.
  7282 | D:7      | Found Qonnoj's Antique Armour Emporium.
  7285 | D:7      | Bought a potion of might for 56 gold pieces
  7285 | D:7      | Bought 2 potions of berserk rage for 140 gold pieces
  7296 | D:7      | Noticed Pikel
  7337 | D:7      | Found a hide-covered altar of Uskayaw.
  7374 | D:7      | Found an opulent altar of Gozag.
  7447 | D:7      | Reached skill level 5 in Evocations
  7461 | D:7      | Found a sacrificial altar of Ru.
  7478 | D:7      | Noticed Harold
  7486 | D:7      | Killed Harold
  7487 | D:7      | Reached skill level 10 in Axes
  7534 | D:7      | Noticed a two-headed ogre
  7537 | D:7      | Mangled by a two-headed ogre

Illustrated notes

Levels and vault maps discovered:
D:1:      mrwooster_arrival_statue, layout_loops_corners,
          shapermc_ecumenical_altar_mp_ritualfount
D:2:      layout_loops_cross, serial_shops, shop
D:3:      layout_basic, nrook_campfire, uniq_sigmund
D:4:      old_forge, layout_cave_pools, kennysheep_mini,
          minmay_temple_entry_drinking_statues, gammafunk_ghost_arena,
          minmay_liquid_box, minmay_misc_feat_secret_circle, minmay_ruptured,
          uniq_menkaure
D:5:      layout_loops_ring, serial_shops, shop, uniq_blork_the_orc
D:6:      layout_gridville, hangedman_decor_peaks_small, minivault_10,
          glass_columns_a, minmay_misc_feat_rugged, minmay_misc_feat_nine_boxes
D:7:      layout_rooms, kennysheep_mini_moat, mainiacjoe_overflow_24_doors,
          mainiacjoe_overflow_two_lobes, lightli_ossuary_entry_decrepit_ruins,
          enter_bailey_7, serial_shops, nicolae_shop_hallway_stairs,
          nicolae_square_shop, uniq_harold, uniq_pikel
Temple:   regret_index_temple_generic_petals

Skill      XL: |  1  2  3  4  5  6  7  8  9 |
---------------+----------------------------+-----
Armour         | 4 5 6 7 8 |  8.8
Shields        | 4 5 |  5.8
Fighting       | 4 5 6 |  6.7
Evocations     | 1 2 3 4 5 |  5.4
Axes           | 3 4 5 6 8 10 | 10.1

Action                   |  1- 3 |  4- 6 |  7- 9 || total
-------------------------+-------+-------+-------++-------
Melee: War axe           |    65 |    70 |   209 ||   344
       Headbutt          |     8 |     7 |    42 ||    57
  Use: Scroll            |     2 |     3 |    13 ||    18
       Potion            |       |     1 |     6 ||     7
 Stab: Held in net/web   |       |       |     2 ||     2
Armor: Scale mail        |    36 |    28 |    61 ||   125
       Skin              |       |       |    11 ||    11
Dodge: Dodged            |    38 |    36 |   104 ||   178
Block: Buckler           |     9 |    11 |    56 ||    76
